 Dungeon Crawl Stone Soup version 0.23.2-1-ga50397a6bc (webtiles) character file.

Game seed: 736906692318787265

83 Peloso the Covered (level 4, -5/40 HPs)
             Began as a Minotaur Fighter on Apr 14, 2019.
             Killed by divine providence
             ... invoked by an orc priest
              (12 damage)
             ... on level 4 of the Dungeon.
             The game lasted 00:02:08 (1229 turns).

Peloso the Covered (Minotaur Fighter)               Turns: 1229, Time: 00:02:08

Health: -5/40      AC:  7    Str: 26    XL:     4   Next: 22%
Magic:  3/3        EV: 13    Int:  5    God:
Gold:   107        SH: 10    Dex: 15    Spells: 3/3 levels left

rFire    . . .     SeeInvis .   a - +0 long sword
rCold    . . .     Gourm    .   c - +0 shield
rNeg     . . .     Faith    .   b - +0 scale mail
rPois    .         Spirit   .   (helmet restricted)
rElec    .         Reflect  .   (no cloak)
rCorr    .         Harm     .   (no gloves)
MR       .....                  (no boots)
Stlth    +.........             (no amulet)
HPRegen  0.13/turn              (no ring)
MPRegen  0.08/turn              (no ring)

@: mighty, agile, lethally poisoned (-5 -> -9)
A: retaliatory headbutt, horns 2
a: no special abilities


You were on level 4 of the Dungeon.
You were very hungry.

You visited 1 branch of the dungeon, and saw 3 of its levels.

You collected 107 gold pieces.

Inventory:

Hand Weapons
 a - a +0 long sword (weapon)
Armour
 b - a +0 scale mail (worn)
 c - a +0 shield (worn)
Scrolls
 e - a scroll of amnesia {unknown}
 h - 2 scrolls of remove curse {unknown}
 i - a scroll of blinking {unknown}
 k - 3 scrolls of enchant weapon {unknown}
 n - 3 scrolls of teleportation {unknown}
 o - a scroll of identify {unknown}
 p - a scroll of magic mapping {unknown}
Potions
 l - a potion of cancellation {unknown}
 m - a potion of curing {unknown}
Comestibles
 f - 4 rations


   Skills:
 + Level 3.9 Fighting
 + Level 2.9 Long Blades
 + Level 4.8 Armour
 + Level 1.2 Dodging
 + Level 4.4 Shields


You had 3 spell levels left.
You didn't know any spells.
Your spell library was empty.

Dungeon Overview and Level Annotations

Branches:
Dungeon (2/15)

Altars:
Cheibriados
Okawaru


Innate Abilities, Weirdness & Mutations

You reflexively headbutt those who attack you in melee.
You have a pair of horns on your head.


Message History

You headbutt the giant cockroach!
You kill the giant cockroach!
You block the leopard gecko's attack. The frilled lizard closely misses you.
You riposte.
You closely miss the frilled lizard.
Your headbutt misses the frilled lizard.
The bullfrog skeleton hits you but does no damage.
The leopard gecko bites you.
* * * LOW HITPOINT WARNING * * *
You barely miss the orc. You headbutt the orc!
You kill the orc!
You feel sick. You block the frilled lizard's attack.
The orc priest hits you but does no damage.
The bullfrog skeleton hits you but does no damage.
The leopard gecko closely misses you.
You riposte.
You slash the leopard gecko!
You kill the leopard gecko!
The frilled lizard bites you.
* * * LOW HITPOINT WARNING * * *
The orc priest mumbles some strange prayers to Beogh against you.
Beogh smites you!
You die...

♣.♣..............#
.................#
♣.♣..............#
.................#
♣.#..............#
.................#
.........$.......#
...............l†#
.........>..o.§.@#
.......%.......Zo#
...............o.#
........#
.......?#
..####### ..


You could see an orc priest, an orc wizard, an orc, a frilled lizard and a
bullfrog skeleton.

Vanquished Creatures
  A worker ant (D:4)
  A gnoll (D:2)
  An adder (D:4)
  2 worms (D:2)
  2 leopard geckos
  2 orcs (D:4)
  2 bats (D:1)
  3 giant cockroaches
  2 goblins
  2 hobgoblins
  4 kobolds
  2 ball pythons
  4 frilled lizards
  5 rats
33 creatures vanquished.

Notes
Turn   | Place    | Note
-------+----------+-------------------------------------------
     0 | D:1      | Peloso the Minotaur Fighter began the quest for the Orb.
     0 | D:1      | Reached XP level 1. HP: 19/19 MP: 0/0
   139 | D:1      | Reached XP level 2. HP: 23/26 MP: 1/1
   797 | D:2      | Found a snail-covered altar of Cheibriados.
  1175 | D:2      | Reached XP level 3. HP: 33/33 MP: 2/2
  1195 | D:2      | You fall through a shaft for 2 floors!
  1196 | D:4      | Found an iron altar of Okawaru.
  1224 | D:4      | Reached skill level 1 in Dodging
  1224 | D:4      | Reached XP level 4. HP: 8/40 MP: 3/3
  1229 | D:4      | Killed from afar by an orc priest

Skill      XL: |  1  2  3 |
---------------+----------+-----
Armour         | 4 |  4.8
Shields        | 4 |  4.4
Dodging        | 1 |  1.2
Fighting       | |  3.9
Long Blades    | |  2.9

Action                   |  1- 3 |  4- 6 || total
-------------------------+-------+-------++-------
Melee: Long sword        |    65 |     3 ||    68
       Headbutt          |    12 |     1 ||    13
  Use: Potion            |     1 |     2 ||     3
Armor: Scale mail        |    31 |     6 ||    37
Dodge: Dodged            |    29 |     9 ||    38
Block: Shield            |    49 |     9 ||    58
       Rpst.: Long sword |     7 |     3 ||    10
